 Dungeon Crawl Stone Soup version 0.28-a0-973-ga7f8b01127 (webtiles) character file.

Game seed: 13141472647686787943

3 Goblin1989 the Sneak (level 1, 0/18 HPs)
             Began as a Demonspawn Delver on Dec 2, 2021.
             Slain by an ufetubus (4 damage)
             ... on level 5 of the Dungeon.
             The game lasted 00:02:21 (191 turns).

Goblin1989 the Sneak (Demonspawn Delver)             Turns: 191, Time: 00:02:21

Health: 0/18       AC:  3    Str: 12    XL:     1   Next: 41%
Magic:  1/1        EV: 11    Int: 11    God:
Gold:   41         SH:  0    Dex: 14    Spells: 0/0 levels left

rFire   . . .      SeeInvis .   a - +4 short sword (venom)
rCold   . . .      Faith    .   (no shield)
rNeg    . . .      Spirit   .   b - +0 leather armour
rPois   .          Reflect  .   (no helmet)
rElec   .          Harm     .   (no cloak)
rCorr   .          Rampage  .   (no gloves)
Will    .....                   (no boots)
Stlth   ++........              (no amulet)
HPRegen 0.06/turn               (no ring)
MPRegen 0.07/turn               (no ring)

@: hasted, very quick
A: no striking features
a: no special abilities


You were on level 5 of the Dungeon.
You visited 1 branch of the dungeon, and saw 3 of its levels.

You collected 41 gold pieces.

Inventory:

Hand Weapons
 a - a +4 short sword of venom (weapon)
Missiles
 N - 4 curare-tipped darts (quivered)
Armour
 b - a +0 leather armour (worn)
Wands
 g - a wand of digging (3) {@v1}
Scrolls
 c - a scroll of fog
 e - a scroll of fear
 M - 2 scrolls of magic mapping
 O - a scroll of teleportation {unknown}


   Skills:
 - Level 3.0 Fighting
 + Level 2.1 Short Blades
 - Level 1.7 Dodging
 - Level 4.5 Stealth


You couldn't memorise any spells.
You didn't know any spells.
Your spell library was empty.

Dungeon Overview and Level Annotations

Branches:
Dungeon (5/15)
 Temple: D:4-7

Altars:

Annotations:
D:5 Grinder


Message History

Drop what? 8/52 slots (_ for help) (? for menu, Esc to quit)
You drop a +0 short sword.
Adjust (i)tems, (s)pells, or (a)bilities?
N - a +4 short sword of venom (weapon)
Adjust to which letter? (? for menu, Esc to quit)
a - a +4 short sword of venom (weapon)
N - 4 curare-tipped darts You now have 21 gold pieces.
Found an escape hatch in the ceiling.
Found 11 gold pieces.
You now have 32 gold pieces (gained 11).
An adder comes into view.
Found a war axe.
Found a stone staircase leading down.
Found 2 amethyst potions.
An ufetubus comes into view.
Unknown command.
Grinder comes into view.
There is an escape hatch in the ceiling here.
Really go through this one-way escape hatch?
A mysterious force pulls you upwards. The hatch slams shut behind you.
The ball python hisses angrily.
Found a robe.
You start waiting.
A ball python is nearby!
A ball python is nearby!
Throw: 4 darts (curare)
Press: ? - help, Q - select action Shift-Dir - straight line, f - ball python
Aim: a ball python (55% to hit)
You throw a curare-tipped dart.
The curare-tipped dart barely misses the ball python.
You puncture the ball python!
You kill the ball python!
Unknown command.
You see here a ball python corpse.
Found a scroll labelled JIZEG CASE.
N - 4 curare-tipped darts (gained 1)
You see here a ball python corpse.
You see here a +0 robe.
O - a scroll labelled JIZEG CASE You see here a ball python corpse.
You open the door.
Found 9 gold pieces.
There is an open door here.
You now have 41 gold pieces (gained 9).
Found a ring mail.
You see here a +0 ring mail.
A hobgoblin comes into view.
Found a stone staircase leading up.
The hobgoblin shouts!
An endoplasm comes into view.
You closely miss the hobgoblin.
The hobgoblin hits you but does no damage.
The hobgoblin barely misses you.
The endoplasm quivers.
You hit the hobgoblin.
The hobgoblin is poisoned.
The hobgoblin is almost dead.
The hobgoblin misses you.
You closely miss the hobgoblin.
The hobgoblin is severely wounded.
You kill the hobgoblin!
Your Short Blades skill increases to level 2!
An endoplasm is nearby!
Unknown command.
You completely miss the endoplasm. The endoplasm freezes you.
You are frozen.
You take 4 damage, and have 14/18 hp.
MASSIVE DAMAGE!!
You hit the endoplasm.
You kill the endoplasm!
There is a stone staircase leading up here.
You climb upwards.
Found a scroll labelled CUT QUVVOPULOHAA.
Found a stone staircase leading up.
There is a stone staircase leading down here.
A giant cockroach comes into view.
A sudden malevolence fills the Dungeon...
You fall into a shaft and drop 2 floors!
The shaft crumbles and collapses.
Level annotation: Grinder
Found a hand axe.
You see here a +0 hand axe.
Found a stone staircase leading down.
Found a scroll of magic mapping.
M - 2 scrolls of magic mapping (gained 1)
The ufetubus shouts!
The ufetubus hits you. x2; The ufetubus misses you.
The ufetubus hits you but does no damage.
You take 5 damage, and have 10/18 hp.
MASSIVE DAMAGE!!
The ufetubus barely misses you. The ufetubus hits you.
* * * LOW HITPOINT WARNING * * *
You take 3 damage, and have 8/18 hp.
The ufetubus barely misses you. The ufetubus closely misses you.
The ufetubus closely misses you. The ufetubus hits you.
* * * LOW HITPOINT WARNING * * *
You take 2 damage, and have 6/18 hp.
You feel yourself speed up. The ufetubus hits you.
* * * LOW HITPOINT WARNING * * *
The ufetubus misses you. The ufetubus hits you.
You die...

█..........█ ██>█..██.█...█.
█..........█████......█.█.....
█..........██.....█ █......█..
██............███.████........
█..........███.............█..
█..........██................█
█....<.....█..................
█..........█..................
█............@5...............
██........███.................
██......██ ██...█.......████.
██..█████████.......████.█ .
█..........██..█████..........
█.........>██..█ █..........
█..............█ █..........
█..........█...█ █..........
█............███ ██████████.


You could see an ufetubus.

Vanquished Creatures
  An endoplasm (D:4)
  A hobgoblin (D:4)
  A ball python (D:4)
3 creatures vanquished.

Notes
Turn   | Place    | Note
-------+----------+-------------------------------------------
     0 | D:5      | Goblin1989 the Demonspawn Delver began the quest for the
                  | Orb.
     0 | D:5      | Reached XP level 1. HP: 18/18 MP: 1/1
    74 | D:5      | Noticed Grinder
   159 | D:3      | You fall into a shaft and drop 2 floors!
   191 | D:5      | Slain by an ufetubus

Illustrated notes

Levels and vault maps discovered:
D:3:      layout_rooms, serial_undead, serial_undead_b, serial_undead_b,
          serial_undead_f, serial_undead_e, serial_undead_b, serial_undead_e,
          uniq_crazy_yiuf_cottage
D:4:      kennysheep_goblin_castle, layout_basic, serial_shops,
          nicolae_shop_advertising_works [nicolae_subvault_shop_adworks]
D:5:      layout_rooms, uniq_grinder, uniq_eustachio

Skill      XL: |  1 |
---------------+----+-----
Short Blades   | 2 |  2.1
Fighting       | |  3.0
Dodging        | |  1.7
Stealth        | |  4.5

Action                   || total
-------------------------++-------
Melee: Short sword       ||     6
Throw: Dart              ||     1
  Use: Potion            ||     1
Armor: Leather armour    ||     2
Dodge: Dodged            ||     8

Table legend: (Time is in decaauts)
 A = Elapsed time spent in this place.
 B = Non-inter-level travel time spent in this place.
 C = Inter-level travel time spent in this place.
 D = Time resting spent in this place.
 E = Time spent auto-exploring this place.
 F = Levels seen in this place.
 G = Mean time per level.
                   A        B        C        D        E       F      G
               +--------+--------+--------+--------+--------+-----+--------+
         Total |    190 |    190 |      0 |      3 |      0 |   3 |   63.3 |
       Dungeon |    190 |    190 |      0 |      3 |      0 |   3 |   63.3 |
               +--------+--------+--------+--------+--------+-----+--------+

Top non-repeatable levels by time:
     D:5: 127 daAuts
     D:4: 62 daAuts
     D:3: 0 daAuts
